 Dungeon Crawl Stone Soup version 0.29-a0-563-g64e4043184 (webtiles) character file.

Game seed: 2547214570298382886

463 vulpzor the Nimble (level 7, 0/52 HPs)
             Began as a Gnoll Wanderer on June 11, 2022.
             Was a Priest of Sif Muna.
             Succumbed to a water moccasin's poison
             ... on level 4 of the Dungeon.
             The game lasted 00:15:10 (3804 turns).

vulpzor the Nimble (Gnoll Wanderer)                 Turns: 3804, Time: 00:15:11

Health: 0/52       AC:  7    Str: 15    XL:     7   Next: 7%
Magic:  12/12      EV: 16    Int: 13    God:    Sif Muna [***...]
Gold:   175        SH:  5    Dex: 12    Spells: 13/13 levels left

rFire   . . .      SeeInvis +   p - +9 mace "Goblinslayer" {vorpal, Int+4}
rCold   . . .      Faith    .   (no shield)
rNeg    . . .      Spirit   .   b - +3 leather armour
rPois   .          Reflect  +   (no helmet)
rElec   .          Harm     .   (no cloak)
rCorr   .          Rampage  .   (no gloves)
Will    .....                   v - +0 pair of boots
Stlth   ++........              j - amulet of reflection
HPRegen 0.17/turn               i - ring of see invisible
MPRegen 0.13/turn               (no ring)

@: lethally poisoned (0 -> -21), about to teleport, attractive
A: fangs 1, strong nose, distributed training
a: Renounce Religion, Channel Magic, Forget Spell


You were on level 4 of the Dungeon.
You worshipped Sif Muna.
Sif Muna was most pleased with you.
You visited 1 branch of the dungeon, and saw 5 of its levels.

You collected 175 gold pieces.

Inventory:

Hand Weapons
 a - a +0 hand crossbow
 d - a +0 whip of flaming
 f - a +0 mace
 l - a +1 whip of freezing
 p - the +9 mace "Goblinslayer" (weapon) {vorpal, Int+4}
   (You found it on level 2 of the Dungeon)

   It inflicts extra damage upon your enemies.
   Int:       It affects your intelligence (+4).
 q - a +0 halberd of freezing
Missiles
 e - 213 stones
Armour
 b - a +3 leather armour (worn)
 v - a +0 pair of boots (worn)
Jewellery
 i - a ring of see invisible (left hand)
 j - an amulet of reflection (around neck)
Wands
 o - a wand of charming (9)
Scrolls
 c - a scroll of fog
 s - a scroll of teleportation
 u - a scroll of identify
Potions
 g - 2 potions of might
 h - 5 potions of brilliance
 k - 3 potions of haste
 m - 2 potions of cancellation
 n - a potion of berserk rage {unknown}
 r - a potion of attraction
 t - a potion of flight {unknown}


   Skills:
 + Level 3.4 Fighting
 + Level 2.2 Short Blades
 + Level 2.2 Long Blades
 + Level 2.2 Axes
 + Level 2.2 Maces & Flails
 + Level 2.2 Polearms
 + Level 2.2 Staves
 + Level 2.2 Slings
 + Level 2.2 Bows
 + Level 3.4 Crossbows
 + Level 2.2 Throwing
 + Level 2.2 Armour
 + Level 10.7 Dodging
 + Level 2.2 Stealth
 + Level 2.2 Shields
 + Level 2.2 Unarmed Combat
 + Level 3.6 Spellcasting
 + Level 1.8 Conjurations
 + Level 1.8 Hexes
 + Level 1.8 Summonings
 + Level 1.8 Necromancy
 + Level 1.8 Translocations
 + Level 1.8 Transmutations
 + Level 1.8 Fire Magic
 + Level 1.8 Ice Magic
 + Level 1.8 Air Magic
 + Level 1.8 Earth Magic
 + Level 1.8 Poison Magic
 + Level 5.2 Invocations
 + Level 2.2 Evocations


You had 13 spell levels left.
You didn't know any spells.
Your spell library was empty.

Dungeon Overview and Level Annotations

Branches:
Dungeon (5/15)
 Temple: D:4-7

Altars:
Makhleb
Sif Muna


Innate Abilities, Weirdness & Mutations

You have very sharp teeth.
Your uncanny sense of smell can sniff out nearby items.
Your experience applies equally to all skills.


Message History

There is a stone staircase leading up here.
HP restored.
The water moccasin bites you.
You climb upwards.
There is a stone staircase leading down here.
You hit the water moccasin.
The water moccasin is lightly wounded.
The water moccasin barely misses you. The water moccasin closely misses you.
You miss the water moccasin.
The water moccasin is lightly wounded.
The water moccasin bites you!
You are poisoned.
The water moccasin poisons you! The water moccasin closely misses you.
You sock the water moccasin!
The water moccasin is heavily wounded.
You feel very sick. The water moccasin bites you.
You are more poisoned.
The water moccasin poisons you! The water moccasin closely misses you.
You hit the water moccasin. Your bite misses the water moccasin.
The water moccasin is severely wounded.
You feel extremely sick. The water moccasin bites you.
You are lethally poisoned!
The water moccasin poisons you!
The water moccasin completely misses you.
You hit the water moccasin.
The water moccasin is severely wounded.
You feel extremely sick. The water moccasin misses you.
It was a potion of attraction.
You feel attractive to monsters.
* * * LOW HITPOINT WARNING * * *
You feel very sick. The water moccasin bites you!
* * * LOW HITPOINT WARNING * * *
The water moccasin misses you.
Okay, then.
As you read the scroll of teleportation, it crumbles to dust.
You feel strangely unstable.
You die...

...............###...##..##......
##..............##..#............
#####..#.......###.##............
#####..#..##....#.........##....#
.##.#.##...#.................####
##....##.#.##................#
....#..#....................##
..####.........†...........##
...##...........@.........##
.#....#........S..#.......#
##....#...........#......##
##..##..<)........#..#####
###..#...............#
...............#....##
...#...........##...#
...###..............#
...###..............#


You could see a water moccasin.

Vanquished Creatures
  A phantom (D:4)
  A scorpion (D:4)
  A hound (D:4)
  An orc priest (D:3)
  A gnoll shaman (D:3)
  2 orc wizards (D:3)
  2 adders
  8 gnolls
  2 ufetubi (D:4)
  3 worms
  2 dart slugs
  4 orcs (D:3)
  6 endoplasms
  4 giant cockroaches
  5 hobgoblins
  2 jackals (D:1)
  9 kobolds
  5 quokkas
  9 ball pythons
  4 bats
  3 frilled lizards (D:1)
  9 goblins
  4 rats
88 creatures vanquished.

Vanquished Creatures (others)
  A plant (D:1)
1 creature vanquished.

Grand Total: 89 creatures vanquished

Notes
Turn   | Place    | Note
-------+----------+-------------------------------------------
     0 | D:1      | Reached skill level 10 in Dodging
     0 | D:1      | vulpzor the Gnoll Wanderer began the quest for the Orb.
     0 | D:1      | vulpzor set off with the following items: a +0 hand
                  | crossbow, a +2 leather armour, a scroll of fog, a scroll of
                  | blinking
     0 | D:1      | Reached XP level 1. HP: 17/17 MP: 4/4
   252 | D:1      | Found a faded altar of an unknown god.
   274 | D:1      | Prayed at the altar of an unknown god.
   274 | D:1      | Became a worshipper of Sif Muna the Loreminder
   274 | D:1      | Reached * piety under Sif Muna
   277 | D:1      | Reached XP level 2. HP: 23/23 MP: 5/5
   536 | D:1      | Reached XP level 3. HP: 28/28 MP: 7/7
   717 | D:1      | Reached ** piety under Sif Muna
  1403 | D:2      | Identified the +9 mace "Goblinslayer" {vorpal, Int+4}
  1855 | D:3      | Reached skill level 1 in Short Blades
  1855 | D:3      | Reached skill level 1 in Long Blades
  1855 | D:3      | Reached skill level 1 in Axes
  1855 | D:3      | Reached skill level 1 in Maces & Flails
  1855 | D:3      | Reached skill level 1 in Polearms
  1855 | D:3      | Reached skill level 1 in Staves
  1855 | D:3      | Reached skill level 1 in Slings
  1855 | D:3      | Reached skill level 1 in Bows
  1855 | D:3      | Reached skill level 1 in Throwing
  1855 | D:3      | Reached skill level 1 in Armour
  1855 | D:3      | Reached skill level 1 in Stealth
  1855 | D:3      | Reached skill level 1 in Shields
  1855 | D:3      | Reached skill level 1 in Unarmed Combat
  1855 | D:3      | Reached skill level 1 in Evocations
  2051 | D:3      | Reached XP level 4. HP: 32/34 MP: 8/8
  2119 | D:3      | Reached skill level 1 in Conjurations
  2119 | D:3      | Reached skill level 1 in Hexes
  2119 | D:3      | Reached skill level 1 in Summonings
  2119 | D:3      | Reached skill level 1 in Necromancy
  2119 | D:3      | Reached skill level 1 in Translocations
  2119 | D:3      | Reached skill level 1 in Transmutations
  2119 | D:3      | Reached skill level 1 in Fire Magic
  2119 | D:3      | Reached skill level 1 in Ice Magic
  2119 | D:3      | Reached skill level 1 in Air Magic
  2119 | D:3      | Reached skill level 1 in Earth Magic
  2119 | D:3      | Reached skill level 1 in Poison Magic
  2309 | D:3      | Found a burning altar of Makhleb.
  2349 | D:3      | Reached XP level 5. HP: 24/40 MP: 9/9
  2885 | D:3      | Reached skill level 5 in Invocations
  2890 | D:3      | Reached *** piety under Sif Muna
  2891 | D:3      | Reached XP level 6. HP: 19/47 MP: 10/10
  3693 | D:5      | Entered Level 5 of the Dungeon
  3786 | D:5      | Noticed a water moccasin
  3792 | D:4      | Reached XP level 7. HP: 52/52 MP: 12/12
  3804 | D:4      | Succumbed to a water moccasin's poison

Illustrated notes

Levels and vault maps discovered:
D:1:      dpeg_arrival_morbid_curiosity, layout_basic,
          shapermc_ecumenical_altar_ellora, serial_bayou_pond_d,
          nicolae_concentric_dashed_squares_wild, st_stairs_3
D:2:      layout_loops_cross
D:3:      layout_basic, old_standard_altar
D:4:      layout_cave_pools
D:5:      layout_basic, gammafunk_temple_overflow_arena, uniq_eustachio

Skill      XL: |  1  2  3  4  5  6 |
---------------+-------------------+-----
Dodging        | | 10.7
Short Blades   | 1 2 |  2.2
Long Blades    | 1 2 |  2.2
Axes           | 1 2 |  2.2
Maces & Flails | 1 2 |  2.2
Polearms       | 1 2 |  2.2
Staves         | 1 2 |  2.2
Slings         | 1 2 |  2.2
Bows           | 1 2 |  2.2
Throwing       | 1 2 |  2.2
Armour         | 1 2 |  2.2
Stealth        | 1 2 |  2.2
Shields        | 1 2 |  2.2
Unarmed Combat | 1 2 |  2.2
Evocations     | 1 2 |  2.2
Spellcasting   | 3 |  3.6
Conjurations   | 1 |  1.8
Hexes          | 1 |  1.8
Summonings     | 1 |  1.8
Necromancy     | 1 |  1.8
Translocations | 1 |  1.8
Transmutations | 1 |  1.8
Fire Magic     | 1 |  1.8
Ice Magic      | 1 |  1.8
Air Magic      | 1 |  1.8
Earth Magic    | 1 |  1.8
Poison Magic   | 1 |  1.8
Fighting       | 3 |  3.4
Crossbows      | 3 |  3.4
Invocations    | 5 |  5.2

Action                   |  1- 3 |  4- 6 |  7- 9 || total
-------------------------+-------+-------+-------++-------
Melee: Hand crossbow     |     2 |       |       ||     2
       Mace              |    13 |    97 |     5 ||   115
       Bite              |     2 |     7 |       ||     9
       Whip              |     1 |       |       ||     1
 Fire: Hand crossbow     |   101 |    15 |       ||   116
  Use: Scroll            |     4 |     7 |     1 ||    12
       Potion            |       |       |     1 ||     1
 Stab: Sleeping          |       |     2 |       ||     2
Armor: Leather armour    |    14 |    20 |       ||    34
Dodge: Dodged            |    63 |   116 |     9 ||   188
Block: Other             |       |    34 |       ||    34

Table legend: (Time is in decaauts)
 A = Elapsed time spent in this place.
 B = Non-inter-level travel time spent in this place.
 C = Inter-level travel time spent in this place.
 D = Time resting spent in this place.
 E = Time spent auto-exploring this place.
 F = Levels seen in this place.
 G = Mean time per level.
                   A        B        C        D        E       F      G
               +--------+--------+--------+--------+--------+-----+--------+
         Total |   3892 |   3892 |      0 |    624 |   2248 |   5 |  778.4 |
       Dungeon |   3892 |   3892 |      0 |    624 |   2248 |   5 |  778.4 |
               +--------+--------+--------+--------+--------+-----+--------+

Top non-repeatable levels by time:
     D:3: 1272 daAuts
     D:1: 1147 daAuts
     D:2: 720 daAuts
     D:4: 649 daAuts
     D:5: 101 daAuts
